 Dungeon Crawl Stone Soup version 0.28.0 (webtiles) character file.

Game seed: 7610716585117052149

118 BALLS the Slasher (level 5, -2/27 HPs)
             Began as a Vine Stalker Fighter on Feb 19, 2022.
             Slain by Crazy Yiuf (7 damage)
             ... on level 3 of the Dungeon on Feb 22, 2022.
             The game lasted 00:03:33 (2661 turns).

BALLS the Slasher (Vine Stalker Fighter)            Turns: 2661, Time: 00:03:33

Health: -2/27      AC:  6    Str: 21    XL:     5   Next: 2%
Magic:  0/6        EV:  9    Int:  8    God:
Gold:   75         SH:  4    Dex: 13    Spells: 4/4 levels left

rFire   . . .      SeeInvis .   a - +0 long sword
rCold   . . .      Faith    .   c - +0 buckler
rNeg    . . .      Spirit   +   b - +0 scale mail
rPois   .          Reflect  .   (no helmet)
rElec   .          Harm     .   (no cloak)
rCorr   .          Rampage  .   (no gloves)
Will    +....                   (no boots)
Stlth   ..........              (no amulet)
HPRegen 0.89/turn               e - ring of willpower
MPRegen 0.10/turn               (no ring)

@: no status effects
A: fangs 2, regeneration 1, magic shield, antimagic bite, no potion heal 2
a: no special abilities


You were on level 3 of the Dungeon.
You visited 1 branch of the dungeon, and saw 3 of its levels.

You collected 75 gold pieces.

Inventory:

Hand Weapons
 a - a +0 long sword (weapon)
Armour
 b - a +0 scale mail (worn)
 c - a +0 buckler (worn)
Jewellery
 e - a ring of willpower (left hand)
Scrolls
 h - a scroll of immolation {unknown}
 i - a scroll of enchant weapon {unknown}
 j - 2 scrolls of teleportation {unknown}
 k - a scroll of noise {unknown}
 m - a scroll of vulnerability {unknown}
 n - a scroll of enchant armour {unknown}
 p - a scroll of acquirement {unknown}
Potions
 d - 2 potions of might
 f - a potion of heal wounds {unknown}
 g - a potion of degeneration {unknown}
 l - a potion of brilliance {unknown}
 o - a potion of berserk rage {unknown}
 q - a potion of ambrosia {unknown}


   Skills:
 - Level 2.6 Fighting
 + Level 4.5 Long Blades
 - Level 2.4 Armour
 - Level 2.6 Shields


You had 4 spell levels left.
You didn't know any spells.
Your spell library contained the following spells:

 Spells                   Type           Power      Damage    Failure   Level
 Foxfire                  Conj/Fire      0%         2x1d4     85%         1
 Shock                    Conj/Air       0%         1d3       85%         1
 Conjure Flame            Conj/Fire      0%         6-21      99%         3
 Inner Flame              Hex/Fire       0%         N/A       99%         3
 Swiftness                Air            0%         N/A       99%         3
 Airstrike                Air            0%         N/A       100%        4
 Flame Wave               Conj/Fire      0%         2d4       100%        4


Dungeon Overview and Level Annotations

Branches:
Dungeon (3/15)

Altars:

Annotations:
D:3 Crazy Yiuf


Innate Abilities, Weirdness & Mutations

You have extremely sharp teeth.
Your natural rate of healing is unusually fast.
When hurt, damage is shared between your health and your magic reserves.
Your bite disrupts and absorbs the magic of your enemies.
Potions cannot restore your health.


Message History

You hit the giant cockroach. Your bite misses the giant cockroach.
The giant cockroach is heavily wounded.
The giant cockroach bites you but does no damage.
The giant cockroach misses you.
You hit the giant cockroach.
You kill the giant cockroach!
Found a club.
You see here a +0 club.
You see here a +0 club.
Found two maces.
Found a mace.
You see here a +0 mace.
Found seven maces.
Found a runed translucent door.
You see here a +0 mace.
Found a mace.
Crazy Yiuf shouts!
You see here a +0 mace.
You see here a +0 mace.
Found a steaming mace and two maces.
You see here a +0 mace.
You open the door.
Crazy Yiuf says, "Powder!"
You closely miss Crazy Yiuf. Your bite misses Crazy Yiuf.
Crazy Yiuf hits you with a +4 quarterstaff of chaos.
Crazy Yiuf burns you.
You hit Crazy Yiuf. Your bite misses Crazy Yiuf.
Crazy Yiuf is moderately wounded.
Crazy Yiuf hits you with a +4 quarterstaff of chaos!
You are electrocuted!
Crazy Yiuf drinks a potion.
Crazy Yiuf seems to speed up.
You see here a +0 mace.
You see here a +0 mace.
You see here a +0 mace.
Crazy Yiuf barely misses you.
You see here a +0 mace.
You see here a +0 mace.
Crazy Yiuf hits you with a +4 quarterstaff of chaos!
* * * LOW HITPOINT WARNING * * *
You are electrocuted!
You die...

##############
...............#####
#.#########.........#
#.# #.###.#...# #.#
#.# ##....# #.#
###.## #....# #.#
#....# #@...# #.#
#.#.## #g..##
..#######.#.# ##)##
..........#.# #)##
#...#######.. ##)#
..#.# ### #)## ....#
##)# .#.## #'# ...#
)))


You could see Crazy Yiuf (fast).

Vanquished Creatures
  A gnoll (D:1)
  6 adders
  A worm (D:2)
  A dart slug (D:2)
  2 endoplasms (D:2)
  3 giant cockroaches
  5 hobgoblins
  7 jackals
  8 ball pythons
  2 frilled lizards
  6 goblins
  3 kobolds
  3 rats
48 creatures vanquished.

Notes
Turn   | Place    | Note
-------+----------+-------------------------------------------
     0 | D:1      | BALLS the Vine Stalker Fighter began the quest for the Orb.
     0 | D:1      | Reached XP level 1. HP: 11/11 MP: 2/2
   245 | D:1      | Reached skill level 2 in Long Blades
   493 | D:1      | Reached XP level 2. HP: 7/16 MP: 1/3
  1099 | D:1      | Reached skill level 3 in Long Blades
  1099 | D:1      | Reached XP level 3. HP: 12/19 MP: 4/4
  1664 | D:2      | Gained mutation: Your natural rate of healing is unusually
                  | fast. [Vine Stalker growth]
  1664 | D:2      | Reached XP level 4. HP: 23/23 MP: 5/5
  2024 | D:3      | Reached skill level 4 in Long Blades
  2412 | D:3      | Reached XP level 5. HP: 27/27 MP: 6/6
  2649 | D:3      | Found a runed translucent door.
  2650 | D:3      | Noticed Crazy Yiuf
  2661 | D:3      | Slain by Crazy Yiuf

Illustrated notes

Levels and vault maps discovered:
D:1:      lightli_arrival_boilingwater, layout_loops_cross, minmay_3d_cube
D:2:      layout_basic
D:3:      layout_loops_ring, kennysheep_cluttered_room, uniq_crazy_yiuf_cottage

Skill      XL: |  1  2  3  4 |
---------------+-------------+-----
Long Blades    | 2 3 4 |  4.5
Fighting       | |  2.6
Armour         | |  2.4
Shields        | |  2.6

Action                   |  1- 3 |  4- 6 || total
-------------------------+-------+-------++-------
Melee: Long sword        |    68 |    61 ||   129
       Bite              |    10 |    14 ||    24
Armor: Scale mail        |    26 |    19 ||    45
Dodge: Dodged            |    36 |    27 ||    63
Block: Buckler           |    12 |    14 ||    26
